 Dungeon Sprint DCSS version 0.28.0-53-g5a82cb258f (webtiles) character file.

Game seed: 8771852624420187268

93 Zeld the Changer (level 4, -7/46 HPs)
             Began as an Octopode Transmuter on June 10, 2022.
             Mangled by a phantom (9 damage)
             ... in the Dungeon (Sprint IX: "|||||||||||||||||||||||||||||").
             The game lasted 00:00:10 (316 turns).

Zeld the Changer (Octopode Transmuter)               Turns: 316, Time: 00:00:11

Health: -7/46      AC:  1    Str: 11    XL:     4   Next: 61%
Magic:  6/10       EV: 13    Int: 15    God:
Gold:   0          SH:  0    Dex: 12    Spells: 11/12 levels left

rFire   . . .      SeeInvis .     - Unarmed
rCold   . . .      Faith    .   (no shield)
rNeg    . . .      Spirit   .   (helmet currently unavailable)
rPois   .          Reflect  .   (no amulet)
rElec   .          Harm     .   (no ring)
rCorr   .          Rampage  .   (no ring)
Will    .....      NoTele   +   (no ring)
Stlth   ..........              (no ring)
HPRegen 0.15/turn               (no ring)
MPRegen 0.12/turn               (no ring)
                                (no ring)
                                (no ring)

@: berserking (expiring), lethally poisoned (-7 -> -8), appendages, very quick
A: tentacle spike 3, almost no armour, amphibious, 8 rings, camouflage 1,
gelatinous body 1, (nimble swimmer 1), tentacles
a: End Transformation


You were in the Dungeon.
One of your tentacles had grown a beastly spike.
You visited 1 branch

Inventory:

Scrolls
 f - a scroll of blinking
Potions
 a - a potion of curing
 b - a potion of heal wounds
 c - a potion of haste
 d - 2 potions of magic


   Skills:
 + Level 3.4 Fighting
 - Level 2.0 Dodging
 + Level 4.5 Unarmed Combat
 * Level 4.9 Spellcasting
 * Level 5.3 Transmutations


You had 11 spell levels left.
You knew the following spells:

 Your Spells              Type           Power      Damage    Failure   Level
a - Beastly Appendage     Tmut           38%        N/A       1%          1

Your spell library contained the following spells:

 Spells                   Type           Power      Damage    Failure   Level
 Wereblood                Tmut           19%        N/A       2%          2
 Spider Form              Tmut/Pois      11%        N/A       16%         3
 Ice Form                 Ice/Tmut       11%        N/A       47%         4


Dungeon Overview and Level Annotations

Branches:
Dungeon (1/1)

Altars:


Innate Abilities, Weirdness & Mutations

One of your tentacles has grown a beastly spike.
You cannot wear most types of armour.
You are amphibious.
You can wear up to eight rings at the same time.
Your skin changes colour to match your surroundings (Stealth+).
Your rubbery body absorbs attacks. (AC +1, EV +1)
((You are camouflaged when in or above water. (Stealth+)))
You have tentacles for arms and can constrict up to eight enemies at once.


Message History

Your experience leads to an increase in your attributes!
Increase (S)trength, (I)ntelligence, or (D)exterity?
You feel stronger. x2
You have reached level 4!
You tentacle-slap the adder skeleton. You grab the adder skeleton.
You pierce the adder skeleton.
You squeeze the adder skeleton.
The adder skeleton is almost destroyed.
You constrict the adder skeleton.
You destroy the adder skeleton!
You feel sick.
You feel sick.
The orc priest invokes the aid of Beogh against you.
Pain shoots through your body!
* * * LOW HITPOINT WARNING * * *
There is an open door here.
Unknown command.
You tentacle-slap the orc priest. Your grab misses the orc priest.
The orc priest is moderately wounded.
You feel sick.
You closely miss the orc priest. You grab the orc priest.
You pierce the orc priest.
The orc priest is heavily wounded.
You constrict the orc priest, but do no damage.
You feel sick. The orc priest hits you with a +0 club.
* * * LOW HITPOINT WARNING * * *
Unknown command.
You bludgeon the orc priest!
You kill the orc priest!
Your Transmutations skill increases to level 5!
Unknown command.
You bludgeon the phantom!
The phantom is moderately damaged.
* * * LOW HITPOINT WARNING * * *
You feel sick.
Unknown command.
You miss the phantom.
Your tentacle spike misses the phantom.
The phantom is moderately damaged.
* * * LOW HITPOINT WARNING * * *
You feel sick. The phantom hits you!
You die...

▓+▓
▓.▓
▓.▓
▓.▓
▓O▓
▓W▓
▓@▓
▓.▓
▓.▓
▓.▓
▓.▓
▓)▓
▓'▓
▓.▓
▓.▓


You could see a phantom and an ogre.

Vanquished Creatures
  A scorpion (D)
  An orc priest (D)
  An adder skeleton (D)
  A giant cockroach (D)
  A ball python (D)
  2 kobolds (D)
  A rat (D)
8 creatures vanquished.

Notes
Turn   | Place    | Note
-------+----------+-------------------------------------------
     0 | D        | Zeld the Octopode Transmuter began the quest for the Orb.
     0 | D        | Reached XP level 1. HP: 13/13 MP: 3/3
   305 | D        | Noticed an ogre
   305 | D        | Noticed a phantom
   305 | D        | Noticed an orc priest
   305 | D        | Noticed a scorpion
   309 | D        | Killed a scorpion
   310 | D        | Reached skill level 4 in Transmutations
   310 | D        | Reached XP level 2. HP: 8/21 MP: 4/7
   310 | D        | Reached XP level 3. HP: 11/26 MP: 4/8
   310 | D        | Reached XP level 4. HP: 13/31 MP: 5/10
   315 | D        | Reached skill level 5 in Transmutations
   316 | D        | HP: 2/46 [poisoned by a scorpion]
   316 | D        | Mangled by a phantom

Illustrated notes

Levels and vault maps discovered:
D:        linesprint [early_d, line_temple, items_1, d_10, items_2, lair_1,
          lair_end, items_3, orc_1, orc_end, items_4, d_15, swamp_1, shoals_1,
          snake_1, spider_1, d_20, vaults_1, items_5, swamp_end, shoals_end,
          snake_end, spider_end, vaults_end, d_27, items_6, zot_1, zot_end,
          crypt_end, forest_end, elf_end, slime_end, tomb_end, abyss_end,
          pan_hell_end]

Skill      XL: |  1  2  3  4 |
---------------+-------------+-----
Fighting       | 3 |  3.4
Unarmed Combat | 4 |  4.5
Spellcasting   | 4 |  4.9
Transmutations | 4 5 |  5.3
Dodging        | |  2.0

Action                   |  1- 3 |  4- 6 || total
-------------------------+-------+-------++-------
Melee: Unarmed           |    15 |     6 ||    21
       Constrict         |     6 |     2 ||     8
       Kick              |     6 |     2 ||     8
       Tentacles         |     2 |     1 ||     3
       Punch             |     1 |       ||     1
 Cast: Beastly Appendage |     2 |       ||     2
  Use: Potion            |     1 |       ||     1
Armor: Skin              |     1 |       ||     1
Dodge: Dodged            |     6 |       ||     6
